AoeStats
← DZT_白霜魔头

African Clearing

510529852Analyzed
4v4 RM · 22h ago on Oct 1, 2026· 25m 54s· 8 players
Game mode
Random Map
Map size
Large (8 player)
Population
200
Speed
Normal
Resources
Standard
Victory
Conquest
Starting age
Dark Age
Ending age
Imperial Age
RankedLock teamsTeams togetherTeam positionsShared explorationLock speedFull tech treeHidden civsTurbo modeCheats
Victory
Defeat
🇨🇳 Cumans · China
1788
+11
🇨🇳 Spanish · China
1679
+15
🇨🇳 Vikings · China
1597
+19
🇭🇰 Tupi · Hong Kong SAR China
1593
+19
🇨🇿 Varangians · Czechia
1738
-19
🇨🇳 Magyars · China
1668
-16
🇹🇷 Huns · Türkiye
1653
-16
🇨🇳 Mongols · China
1597
-13
Franczesco
12:40 Feudal Age
13:10 Double-Bit Axe
13:06 Horse Collar
13:15 Loom
14:06 Wheelbarrow
13:19 Loom
17:49 Bloodlines
18:39 Scale Barding Armor
19:00 Forging
22:42 Castle Age
23:07 Scale Barding Armor
24:26 Chain Barding Armor
牛比无极限
7:51 Loom
11:40 Feudal Age
15:54 Wheelbarrow
16:10 Scale Barding Armor
18:11 Forging
20:13 Horse Collar
20:21 Horse Collar
23:56 Castle Age
小白
2:47 Loom
12:31 Feudal Age
13:00 Double-Bit Axe
15:48 Scale Barding Armor
19:01 Wheelbarrow
22:27 Castle Age
21:28 Gold Mining
21:29 Stone Mining
22:05 Bloodlines
23:28 Bow Saw
23:00 Horse Collar
23:24 Husbandry
VirSpiritualis
8:37 Loom
12:16 Feudal Age
12:45 Double-Bit Axe
Sakmelo
13:04 Feudal Age
16:51 Castle Age
15:20 Double-Bit Axe
15:23 Loom
16:02 Fletching
DZT_白霜魔头
5:39 Loom
13:29 Feudal Age
14:07 Double-Bit Axe
15:07 Horse Collar
17:34 Castle Age
16:56 Gold Mining
18:01 Scale Barding Armor
25:33 Bloodlines
钓鱼佬
8:35 Loom
11:34 Feudal Age
11:46 Man-at-Arms
23:18 Horse Collar
28:25 Castle Age
lemon tea
5:51 Loom
13:28 Feudal Age
17:16 Castle Age
15:30 Double-Bit Axe
16:29 Gold Mining
18:34 Bow Saw
24:54 Horse Collar
26:21 Wheelbarrow
26:03 Town Watch
Connection lost

Rejoining the realm…

Still unreachable

The connection could not be restored.

Session expired

The server has moved on; the page needs a fresh start.